 Dungeon Crawl Stone Soup version 0.30-a0-852-g08b95dd62f (webtiles) character file.

Game seed: 10952447541906270255

1008 holysushi the Slicer (level 8, -1/78 HPs)
             Began as an Octopode Monk on Mar 4, 2023.
             Slain by Pikel
             ... wielding a +0 whip of electrocution
              (5 damage)
             ... on level 5 of the Dungeon.
             The game lasted 00:07:32 (3570 turns).

holysushi the Slicer (Octopode Monk)                Turns: 3570, Time: 00:07:32

Health: -1/78      AC: 24    Str: 10    XL:     8   Next: 20%
Magic:  0/8        EV:  2    Int: 13    God:
Gold:   229        SH:  0    Dex: 16    Spells: 7/7 levels left

rFire   . . .      SeeInvis +    s - +2 dagger (speed)
rCold   + . .      Faith    .    (no shield)
rNeg    + . .      Spirit   +    (helmet currently unavailable)
rPois   +          Reflect  .    c - amulet of guardian spirit
rElec   .          Rampage  .    g - ring of see invisible
rCorr   .          NoTele   +    p - ring of protection from cold
Will    .....                    t - ring of positive energy
Stlth   +++                      (no ring)
HPRegen 0.33/turn                (no ring)
MPRegen 0.11/turn                (no ring)
                                 (no ring)
                                 (no ring)

@: tree-form, weak-willed
A: stationary, stasis, torment immunity, boosted hp, almost no armour,
(amphibious), 8 rings, (camouflage 1), (gelatinous body 1), (nimble swimmer 1),
(tentacles)
a: no special abilities


You were on level 5 of the Dungeon.
You were a tree.
You visited 1 branch of the dungeon, and saw 5 of its levels.

You collected 229 gold pieces.

Inventory:

Hand Weapons
 a - a +0 short sword
 l - a +0 rapier
 s - a +2 dagger of speed (weapon)
Missiles
 k - a throwing net (quivered)
Jewellery
 c - an amulet of guardian spirit (around neck)
 g - a ring of see invisible (left branch)
 p - a ring of protection from cold (right branch)
 t - a ring of positive energy (on tentacle)
Wands
 m - a wand of polymorph (6)
 v - a wand of digging (7)
 x - a wand of charming (1)
Scrolls
 d - a scroll of amnesia
 h - 5 scrolls of identify
 j - 4 scrolls of noise {unknown}
 n - 2 scrolls of magic mapping {unknown}
 o - a scroll of torment {unknown}
 q - a scroll of enchant armour {unknown}
 u - a scroll of teleportation {unknown}
Potions
 f - 3 potions of magic
 r - a potion of mutation


   Skills:
 - Level 3.0 Fighting
 + Level 8.1 Short Blades
 - Level 5.0 Dodging
 - Level 5.0 Stealth
 - Level 2.0 Evocations


You had 7 spell levels left.
You didn't know any spells.
Your spell library was empty.

Dungeon Overview and Level Annotations

Branches:
Dungeon (5/15) Zot: 26185
 Temple: D:4-7

Altars:
Dithmenos
Elyvilon
Qazlal
Vehumet
Wu Jian
Zin

Annotations:
D:3 Robin
D:5 2 runed translucent doors, Pikel


Innate Abilities, Weirdness & Mutations

You are a tree.
Your roots penetrate the ground, keeping you stationary.
You cannot be teleported.
You are immune to unholy pain and torment.
Your maximum health is greatly increased.
You cannot wear most types of armour.
((You are amphibious.))
You can wear up to eight rings at the same time.
((Your skin changes colour to match your surroundings (Stealth+).))
((Your rubbery body absorbs attacks. (AC +1, EV +1)))
((You are camouflaged when in or above water. (Stealth+)))
((You have tentacles for arms and can constrict up to eight enemies at once.))


Message History

You closely miss the lemure.
The lemure is almost dead.
You closely miss the lemure.
The lemure is almost dead.
The lemure hits you but does no damage. x3
Aiming: Mindburst
Press: ? - help, Shift-Dir - straight line, f/p - Pikel
Aim: Pikel, wielding a +0 whip of electrocution and wearing a +2 robe of willpower (severely wounded, lightly drained, chance to affect: 43%) Pikel resists with some effort.
The now-empty wand crumbles to dust.
The lemure hits you but does no damage. x2
Pikel hits you with a +0 whip of electrocution.
The lemure hits you.
* * * LOW HITPOINT WARNING * * *
You hit Pikel but do no damage.
Pikel is severely wounded.
You closely miss Pikel.
Pikel is severely wounded.
You closely miss Pikel.
Pikel is severely wounded.
Pikel hits you but does no damage.
You are electrocuted!!
* * * LOW HITPOINT WARNING * * *
The lemure hits you but does no damage. x3
You hit Pikel but do no damage.
Pikel is severely wounded.
You hit Pikel.
Pikel is severely wounded.
You hit Pikel but do no damage.
Pikel is severely wounded.
The lemure hits you but does no damage. x2; Pikel hits you but does no damage.
The lemure hits you.
* * * LOW HITPOINT WARNING * * *
Really quaff the potion of mutation?
Okay, then.
Unknown command.
Okay, then.
As you read the scroll labelled ATSAPT NUEMMAO, it crumbles to dust.
Magic quickly surges around you.
It was a scroll of vulnerability.
The lemure completely misses you. The lemure hits you but does no damage.
Pikel hits you with a +0 whip of electrocution.
You die...

. .... #....[..##[...## #.
#..# #..##)..##<....#
..###.##..########[..##.....#
..?.'.).5.......#....##....##
#..[....(...#..<..######
####5#########....#
#.._..##...##...##
.....#.#.....K5.....#
###........)...5♣.....#
..#............5......#
..#.###..####..###...## ..##
#>.###########'##
..#.......#....#......#
).#.......#....5K.....#
..#.......#....#......#
..#.......#....#......# ..#
......#....#......#


You could see Pikel (weak-willed, drained) and 3 lemures.

Vanquished Creatures
  Menkaure (D:5)
  2 ogres (D:5)
  A lemure (D:5)
  A phantom (D:5)
  4 scorpions
  4 hounds
  An orc priest (D:5)
  A sleepcap (D:5)
  An iguana (D:5)
  2 orc wizards
  Ijyb (D:3)
  2 adders
  2 ufetubi (D:4)
  A worm (D:3)
  A dart slug (D:3)
  15 orcs
  4 ball pythons
  8 endoplasms
  3 giant cockroaches
  12 goblins
  12 hobgoblins
  2 quokkas
  4 bats
  2 frilled lizards
  10 kobolds
  9 rats
106 creatures vanquished.

Notes
Turn   | Place    | Note
-------+----------+-------------------------------------------
     0 | D:1      | holysushi the Octopode Monk began the quest for the Orb.
     0 | D:1      | Reached XP level 1. HP: 16/16 MP: 1/1
   138 | D:1      | Reached XP level 2. HP: 16/21 MP: 2/2
   493 | D:1      | Reached XP level 3. HP: 25/26 MP: 1/3
   559 | D:1      | Reached skill level 4 in Short Blades
   725 | D:2      | Reached XP level 4. HP: 31/31 MP: 4/4
  1414 | D:3      | Noticed Ijyb
  1426 | D:3      | Killed Ijyb
  1427 | D:3      | Reached skill level 5 in Short Blades
  1439 | D:3      | Found a glowing silver altar of Zin.
  1543 | D:3      | Reached XP level 5. HP: 26/36 MP: 3/5
  1689 | D:3      | Noticed Robin
  1830 | D:4      | Reached skill level 6 in Short Blades
  1890 | D:4      | Found a stormy altar of Qazlal.
  1907 | D:4      | Reached XP level 6. HP: 24/42 MP: 2/6
  2016 | D:4      | Found a shadowy altar of Dithmenos.
  2242 | D:4      | Found an ornate altar of the Wu Jian Council.
  2359 | D:4      | Found a white marble altar of Elyvilon.
  2679 | D:5      | Entered Level 5 of the Dungeon
  2713 | D:5      | Reached XP level 7. HP: 25/46 MP: 4/7
  2830 | D:5      | Reached skill level 7 in Short Blades
  2892 | D:5      | Noticed Menkaure
  2905 | D:5      | Killed Menkaure
  2906 | D:5      | Reached skill level 5 in Dodging
  2976 | D:5      | Found a runed translucent door.
  2977 | D:5      | Noticed a vampire mosquito
  2991 | D:5      | Found a runed translucent door.
  3021 | D:5      | Noticed Pikel
  3194 | D:5      | Reached skill level 5 in Stealth
  3194 | D:5      | Reached XP level 8. HP: 16/52 MP: 3/8
  3382 | D:5      | Reached skill level 1 in Evocations
  3508 | D:5      | Found a radiant altar of Vehumet.
  3518 | D:5      | Reached skill level 8 in Short Blades
  3570 | D:5      | Slain by Pikel

Illustrated notes

Levels and vault maps discovered:
D:1:      kennysheep_arrival_forest, layout_rooms
D:2:      layout_rooms
D:3:      layout_basic, zin_academy, grunt_decor_mini_mirrors, uniq_robin,
          uniq_ijyb, uniq_sigmund, uniq_crazy_yiuf_cottage
D:4:      layout_loops_ring, nicolae_overflow_crystal_walls,
          mainiacjoe_overflow_tiny_flanked, kennysheep_little_box,
          nicolae_wu_jian_wuxing_cycle
D:5:      lemuel_insect_pit, layout_gridville, lemuel_crystal_altar,
          trog_hazing_becter, dk_noncrumbling_4, uniq_menkaure, uniq_pikel,
          uniq_blork_the_orc

Skill      XL: |  1  2  3  4  5  6  7  8 |
---------------+-------------------------+-----
Short Blades   | 4 5 6 7 8 |  8.1
Dodging        | 4 5 |  5.0
Stealth        | 5 |  5.0
Evocations     | 2 |  2.0
Fighting       | |  3.0

Action                     |  1- 3 |  4- 6 |  7- 9 || total
---------------------------+-------+-------+-------++-------
  Melee: Short sword       |    83 |    44 |       ||   127
         Constrict         |    21 |    31 |    12 ||    64
         Tentacles         |     8 |    28 |    25 ||    61
         Unarmed           |       |    10 |       ||    10
         Punch             |       |     5 |     3 ||     8
         Dagger            |       |    78 |   101 ||   179
  Evoke: Wand              |       |       |    10 ||    10
    Use: Scroll            |       |     5 |     4 ||     9
         Potion            |       |     4 |     1 ||     5
   Stab: Sleeping          |     5 |    12 |     4 ||    21
 Armour: Skin              |     4 |     6 |    35 ||    45
  Dodge: Dodged            |    45 |    46 |    27 ||   118

Table legend: (Time is in decaauts)
 A = Elapsed time spent in this place.
 B = Non-inter-level travel time spent in this place.
 C = Inter-level travel time spent in this place.
 D = Time resting spent in this place.
 E = Time spent auto-exploring this place.
 F = Levels seen in this place.
 G = Mean time per level.
                   A        B        C        D        E       F      G
               +--------+--------+--------+--------+--------+-----+--------+
         Total |   3407 |   3241 |    166 |    680 |   1566 |   5 |  681.4 |
       Dungeon |   3407 |   3241 |    166 |    680 |   1566 |   5 |  681.4 |
               +--------+--------+--------+--------+--------+-----+--------+

Top non-repeatable levels by time:
     D:4: 1155 daAuts
     D:1: 593 daAuts
     D:2: 567 daAuts
     D:5: 550 daAuts
     D:3: 539 daAuts
